 Dungeon Crawl Stone Soup version 0.27.0-1-g7a089689b8 (webtiles) character file.

Game seed: 5669958754677880546

255 Leibowitz the Cutter (level 6, -5/38 HPs)
             Began as a Kobold Fighter on Aug 11, 2021.
             Slain by a hobgoblin (7 damage)
             ... while paralysed by Grinder
             ... on level 3 of the Dungeon.
             The game lasted 00:04:11 (2829 turns).

Leibowitz the Cutter (Kobold Fighter)               Turns: 2829, Time: 00:04:11

Health: -5/38      AC:  6    Str: 13    XL:     6   Next: 38%
Magic:  6/6        EV:  3    Int: 10    God:
Gold:   84         SH:  0    Dex: 16    Spells: 5/5 levels left

rFire    . . .     SeeInvis .   a - +0 rapier
rCold    . . .     Faith    .   c - +0 buckler
rNeg     . . .     Spirit   .   b - +0 scale mail
rPois    .         Reflect  .   (no helmet)
rElec    .         Harm     .   (no cloak)
rCorr    .         Rampage  .   (no gloves)
Will     .....                  (no boots)
Stlth    +.........             (no amulet)
HPRegen  0.12/turn              (no ring)
MPRegen  0.10/turn              (no ring)

@: paralysed
A: small, no large weapons, nightstalker 3
a: no special abilities


You were on level 3 of the Dungeon.
You visited 1 branch of the dungeon, and saw 3 of its levels.

You collected 84 gold pieces.

Inventory:

Hand Weapons
 a - a +0 rapier (weapon)
Missiles
 i - 10 poisoned darts (quivered)
 j - 2 throwing nets
Armour
 b - a +0 scale mail (worn)
 c - a +0 buckler (worn)
Scrolls
 f - 2 scrolls of teleportation {unknown}
 g - a scroll of torment {unknown}
 h - 2 scrolls of immolation {unknown}
 l - 3 scrolls of identify {unknown}
Potions
 d - a potion of might
 e - a potion of heal wounds {unknown}
 k - a potion of mutation {unknown}


   Skills:
 + Level 4.1 Fighting
 + Level 5.3 Short Blades
 - Level 1.5 Throwing
 + Level 3.2 Armour
 + Level 1.6 Dodging
 * Level 1.0 Stealth
 + Level 2.9 Shields


You had 5 spell levels left.
You didn't know any spells.
Your spell library contained the following spells:

 Spells                   Type           Power      Damage    Failure   Level
 Beastly Appendage        Tmut           0%         N/A       91%         1
 Slow                     Hex            0%         N/A       97%         2
 Wereblood                Tmut           0%         N/A       97%         2
 Confusing Touch          Hex            0%         N/A       100%        3
 Spider Form              Tmut/Pois      0%         N/A       100%        3
 Yara's Violent Unravell  Hex/Tmut       0%         3d3       100%        5


Dungeon Overview and Level Annotations

Branches:
Dungeon (3/15)

Altars:

Shops:
D:2 :

Annotations:
D:3 Grinder


Innate Abilities, Weirdness & Mutations

You are small and have problems with some larger weapons.
You are completely attuned to the shadows.


Message History

An orc comes into view. It is wielding a +0 hand axe.
Grinder barely misses you.
You hit Grinder.
Grinder is moderately wounded.
Grinder hits you.
You writhe in agony.
You hit Grinder.
Grinder is heavily wounded.
Grinder rolls her eyes.
Grinder blinks!
You hit the hobgoblin.
The hobgoblin is almost dead.
Grinder looks more healthy.
Grinder blinks!
The hobgoblin hits you with a +0 short sword.
You hit the hobgoblin but do no damage.
The hobgoblin is almost dead.
The hobgoblin hits you with a +0 short sword.
You closely miss the hobgoblin.
The hobgoblin is almost dead.
Grinder blinks!
The hobgoblin hits you with a +0 short sword.
You hit Grinder.
Grinder is heavily wounded.
Grinder gestures at you. Pain shoots through your body!
The hobgoblin hits you but does no damage.
You puncture Grinder!
Grinder is severely wounded.
Grinder gestures at you.
You suddenly lose the ability to move!
The hobgoblin hits you with a +0 short sword.
Grinder gestures at you. Pain shoots through your body!
* * * LOW HITPOINT WARNING * * *
The hobgoblin hits you with a +0 short sword.
* * * LOW HITPOINT WARNING * * *
Grinder gestures at you. Pain shoots through your body!
* * * LOW HITPOINT WARNING * * *
The hobgoblin hits you with a +0 short sword!
You die...

#.# #.# ## #######.#
...#####. .....##†#
#.#.... ........#
#....# ####...##### #o#
#..##....†.. #g#
...#.###### #@# #..#.#
#5## ##†##)#
#####..####..#..#
#######..............##
#......^#########.####
#.####### #.# #.# #.#
#.# #.# #.# #.#


You could see Grinder, an orc and a hobgoblin.

Vanquished Creatures
  Sigmund (D:2)
  3 gnolls (D:2)
  2 adders (D:2)
  2 endoplasms
  5 giant cockroaches
  7 goblins
  5 hobgoblins
  5 jackals
  3 quokkas (D:1)
  5 ball pythons
  6 bats
  4 frilled lizards
  4 kobolds
  2 rats (D:1)
54 creatures vanquished.

Vanquished Creatures (others)
  A fungus (D:1)
1 creature vanquished.

Grand Total: 55 creatures vanquished

Notes
Turn   | Place    | Note
-------+----------+-------------------------------------------
     0 | D:1      | Leibowitz the Kobold Fighter began the quest for the Orb.
     0 | D:1      | Reached XP level 1. HP: 14/14 MP: 1/1
   125 | D:1      | Reached XP level 2. HP: 15/19 MP: 2/2
   802 | D:1      | Reached skill level 3 in Short Blades
   802 | D:1      | Reached XP level 3. HP: 24/24 MP: 3/3
  1338 | D:1      | Found a faded altar of an unknown god.
  1548 | D:2      | Reached XP level 4. HP: 17/29 MP: 4/4
  1645 | D:2      | Reached skill level 4 in Short Blades
  1949 | D:2      | Found Poloele's Book Shoppe.
  2083 | D:2      | Noticed Sigmund
  2189 | D:2      | Killed Sigmund
  2190 | D:2      | Reached skill level 5 in Short Blades
  2190 | D:2      | Reached skill level 1 in Throwing
  2190 | D:2      | Reached skill level 1 in Dodging
  2190 | D:2      | Reached skill level 1 in Stealth
  2190 | D:2      | Reached XP level 5. HP: 7/33 MP: 5/5
  2190 | D:2      | Reached XP level 6. HP: 8/38 MP: 6/6
  2813 | D:3      | Noticed Grinder
  2827 | D:3      | Paralysed by Grinder for 5 turns
  2829 | D:3      | Slain by a hobgoblin

Illustrated notes

Levels and vault maps discovered:
D:1:      dpeg_arrival_tiny_g, layout_loops_corners,
          shapermc_ecumenical_altar_hornbeckon, minmay_domino_4
D:2:      layout_basic, serial_shops, nicolae_shop_stone, uniq_sigmund
D:3:      layout_loops_ring, minmay_close_crescents, uniq_grinder, uniq_robin,
          uniq_terence

Skill      XL: |  1  2  3  4 |
---------------+-------------+-----
Short Blades   | 3 5 |  5.3
Fighting       | 4 |  4.1
Throwing       | 1 |  1.5
Armour         | 3 |  3.2
Dodging        | 1 |  1.6
Stealth        | 1 |  1.0
Shields        | |  2.9

Action                   |  1- 3 |  4- 6 || total
-------------------------+-------+-------++-------
Melee: Rapier            |   104 |    62 ||   166
Throw: Dart              |     2 |    14 ||    16
 Stab: Sleeping          |     1 |     2 ||     3
Armor: Scale mail        |    41 |    18 ||    59
Dodge: Dodged            |    43 |    44 ||    87
Block: Buckler           |    32 |    17 ||    49
